 Dungeon Crawl Stone Soup version 0.29-a0-542-g075992c915 (webtiles) character file.

Game seed: 11021627561652885491

145 oldmanjim the Ducker (level 5, -1/60 HPs)
             Began as a Gnoll Wanderer on June 4, 2022.
             Was a Follower of the Shining One.
             Succumbed to an adder's poison
             ... on level 2 of the Dungeon.
             The game lasted 00:18:45 (3296 turns).

oldmanjim the Ducker (Gnoll Wanderer)               Turns: 3296, Time: 00:18:46

Health: -1/60      AC: 22    Str: 10 (11) XL:     5   Next: 27%
Magic:  8/12       EV:  2    Int:  9 (11) God:    the Shining One [*.....]
Gold:   19         SH:  0    Dex: 13 (14) Spells: 10/14 levels left

rFire   . . .      SeeInvis .   a - +0 dagger
rCold   . . .      Faith    .   (no shield)
rNeg    . . .      Spirit   .   (body armour currently unavailable)
rPois   +          Reflect  .   (helmet currently unavailable)
rElec   .          Harm     .   (cloak currently unavailable)
rCorr   .          Rampage  .   (gloves currently unavailable)
Will    .....      NoTele   +   (boots currently unavailable)
Stlth   +.........              (no amulet)
HPRegen 0.20/turn               (no ring)
MPRegen 0.13/turn               (no ring)

@: lethally poisoned (-1 -> -6), tree-form, hasted, glowing, very quick
A: stationary, stasis, torment immunity, boosted hp, (fangs 1), strong nose,
distributed training
a: Renounce Religion, Divine Shield


You were on level 2 of the Dungeon.
You worshipped the Shining One.
The Shining One was aware of your devotion.
You were a tree.
You visited 1 branch of the dungeon, and saw 3 of its levels.

You collected 115 gold pieces.
You spent 96 gold pieces at shops.

Inventory:

Hand Weapons
 a - a +0 dagger (weapon)
 b - a +0 hunting sling
Missiles
 i - 76 stones
 l - 5 boomerangs
 u - 3 throwing nets (quivered)
Armour
 e - a +0 leather armour
 f - a +0 cloak (melded)
 n - a +0 pair of boots (melded)
 v - a +0 helmet (melded)
 w - a +1 animal skin (melded)
 y - the +1 plate armour of Nixuw {Fly Int+3}
   (You took it off a hobgoblin on level 2 of the Dungeon)

   Int:       It affects your intelligence (+3).
   Fly:       It grants you flight.
Scrolls
 c - 3 scrolls of teleportation
 d - a scroll of vulnerability
 g - a scroll of immolation {unknown}
 h - a scroll of silence {unknown}
 m - a scroll of enchant armour {unknown}
 p - a scroll of acquirement {unknown}
 r - 2 scrolls of identify {unknown}
 t - a scroll of torment {unknown}
 x - a scroll of enchant weapon {unknown}
 A - a scroll of noise {unknown}
 B - a scroll of poison {unknown}
Potions
 j - 2 potions of degeneration
 o - a potion of lignification
 q - a potion of flight {unknown}
 s - a potion of curing {unknown}
 z - a potion of brilliance {unknown}


   Skills:
 + Level 2.9 Fighting
 + Level 1.4 Short Blades
 + Level 1.4 Long Blades
 + Level 1.4 Axes
 + Level 1.4 Maces & Flails
 + Level 1.4 Polearms
 + Level 1.4 Staves
 + Level 1.4 Slings
 + Level 1.4 Bows
 + Level 1.4 Crossbows
 + Level 1.4 Throwing
 + Level 1.4 Armour
 + Level 6.7 Dodging
 + Level 1.4 Stealth
 + Level 1.4 Shields
 + Level 1.4 Unarmed Combat
 + Level 5.2 Spellcasting
 + Level 5.5 Conjurations
 + Level 1.1 Hexes
 + Level 1.1 Summonings
 + Level 1.1 Necromancy
 + Level 1.1 Translocations
 + Level 1.1 Transmutations
 + Level 1.1 Fire Magic
 + Level 1.1 Ice Magic
 + Level 1.1 Air Magic
 + Level 1.1 Earth Magic
 + Level 1.1 Poison Magic
 + Level 1.6 Invocations
 + Level 2.9 Evocations


You had 10 spell levels left.
You knew the following spells:

 Your Spells              Type           Power      Damage    Failure   Level
a - Magic Dart            Conj           48%        1d5       2%          1
b - Mephitic Cloud        Conj/Pois/Air  7%         N/A       24%         3

Your spell library contained the following spells:

 Spells                   Type           Power      Damage    Failure   Level


Dungeon Overview and Level Annotations

Branches:
Dungeon (3/15)

Altars:
Xom
The Shining One

Shops:
D:2 *


Innate Abilities, Weirdness & Mutations

You are a tree.
Your roots penetrate the ground, keeping you stationary.
You cannot be teleported.
You are immune to unholy pain and torment.
Your maximum health is greatly increased.
Your equipment is partially melded.
((You have very sharp teeth.))
Your uncanny sense of smell can sniff out nearby items.
Your experience applies equally to all skills.


Message History

Aiming: Magic Dart (safe; 2% risk of failure)
Press: ? - help, Shift-Dir - straight line, f/p - adder
Aim: an adder (moderately wounded, haloed, 100% to hit)
The magic dart hits the adder.
The adder is heavily wounded.
You feel sick. The adder misses you. The adder closely misses you.
Casting: Magic Dart (safe; 2% risk of failure)
Confirm with . or Enter, or press ? or * to list all spells.
Aiming: Magic Dart (safe; 2% risk of failure)
Press: ? - help, Shift-Dir - straight line, f/p - adder
Aim: an adder (heavily wounded, haloed, 100% to hit)
The magic dart hits the adder.
The adder is severely wounded.
You feel sick. The adder bites you.
* * * LOW HITPOINT WARNING * * *
You are lethally poisoned!
The adder poisons you!
Casting: Magic Dart (safe; 2% risk of failure)
Confirm with . or Enter, or press ? or * to list all spells.
Aiming: Magic Dart (safe; 2% risk of failure)
Press: ? - help, Shift-Dir - straight line, f/p - adder
Aim: an adder (severely wounded, haloed, 100% to hit)
The magic dart hits the adder.
You kill the adder!
* * * LOW HITPOINT WARNING * * *
You feel sick.
It was a potion of degeneration.
There was something very wrong with that liquid.
You feel weakened.
You feel dopey.
You feel clumsy.
* * * LOW HITPOINT WARNING * * *
You feel sick.
It was a potion of lignification.
You turn into a tree.
Your +0 cloak melds into your body.
Your +0 helmet melds into your body.
Your +0 pair of boots melds into your body.
Your +1 animal skin melds into your body.
Your roots penetrate the ground.
* * * LOW HITPOINT WARNING * * *
You feel sick.
It was a potion of haste.
You feel yourself speed up.
You die...

###.####.# #)##......#.#####..# #
#......# #.##...............#
###.###### ###....._.....#####...
....########.............# #..#
......##>.>...........#### #..#
......##.###.###.###### #..#
#.###)##.# #.# #.# #..# #.#
#.##.###.###.#############..#
#.###...........♣†.....(.........
#........###.###.################
......##.###.# #.#
#####........###.# #.##.........#
#####.##.######### ......##.#
######### ########.## #.......#
#...# #.#####.#


There were no monsters in sight!

Vanquished Creatures
  Terence (D:3)
  Natasha (D:3)
  Robin (D:2)
  An adder (D:2)
  A worm (D:2)
  3 orcs
  6 ball pythons
  3 bats
  3 endoplasms
  A giant cockroach (D:2)
  16 goblins
  7 hobgoblins
  2 jackals (D:1)
  4 quokkas
  2 frilled lizards (D:2)
  4 kobolds
  5 rats
61 creatures vanquished.

Notes
Turn   | Place    | Note
-------+----------+-------------------------------------------
     0 | D:1      | oldmanjim the Gnoll Wanderer began the quest for the Orb.
     0 | D:1      | oldmanjim set off with the following items: a +0 dagger, 3
                  | throwing nets, a scroll of teleportation, a scroll of
                  | vulnerability, a +0 leather armour; and the following spell
                  | memorised: Magic Dart; and the following spells available
                  | to memorise: Mephitic Cloud
     0 | D:1      | Reached XP level 1. HP: 17/17 MP: 6/6
   304 | D:1      | Reached XP level 2. HP: 23/23 MP: 3/7
  1077 | D:2      | Reached XP level 3. HP: 25/28 MP: 3/9
  1180 | D:2      | Reached skill level 5 in Spellcasting
  1222 | D:2      | Identified the +1 plate armour of Nixuw {Fly Int+3}
  1386 | D:2      | Noticed Robin
  1401 | D:2      | Killed Robin
  1402 | D:2      | Reached skill level 1 in Invocations
  1600 | D:2      | Reached skill level 1 in Short Blades
  1600 | D:2      | Reached skill level 1 in Long Blades
  1600 | D:2      | Reached skill level 1 in Axes
  1600 | D:2      | Reached skill level 1 in Maces & Flails
  1600 | D:2      | Reached skill level 1 in Polearms
  1600 | D:2      | Reached skill level 1 in Staves
  1600 | D:2      | Reached skill level 1 in Slings
  1600 | D:2      | Reached skill level 1 in Bows
  1600 | D:2      | Reached skill level 1 in Crossbows
  1600 | D:2      | Reached skill level 1 in Throwing
  1600 | D:2      | Reached skill level 1 in Armour
  1600 | D:2      | Reached skill level 1 in Stealth
  1600 | D:2      | Reached skill level 1 in Shields
  1600 | D:2      | Reached skill level 1 in Unarmed Combat
  1818 | D:2      | Found a shimmering altar of Xom.
  1855 | D:2      | Reached XP level 4. HP: 33/34 MP: 11/11
  1935 | D:2      | Found Erev's Assorted Antiques.
  2053 | D:2      | Bought a scroll labelled LAPTEPS LARAUW for 32 gold pieces
  2053 | D:2      | Bought a scroll labelled DEMOEQ UCEXOSK for 32 gold pieces
  2053 | D:2      | Bought a scroll labelled UNLOGI QERELI for 32 gold pieces
  2106 | D:2      | Found a faded altar of an unknown god.
  2114 | D:2      | Prayed at the altar of an unknown god.
  2114 | D:2      | Became a worshipper of the Shining One
  2114 | D:2      | Reached * piety under the Shining One
  2735 | D:3      | Noticed Natasha
  2749 | D:3      | Killed Natasha
  2750 | D:3      | Reached skill level 1 in Hexes
  2750 | D:3      | Reached skill level 1 in Summonings
  2750 | D:3      | Reached skill level 1 in Necromancy
  2750 | D:3      | Reached skill level 1 in Translocations
  2750 | D:3      | Reached skill level 1 in Transmutations
  2750 | D:3      | Reached skill level 1 in Fire Magic
  2750 | D:3      | Reached skill level 1 in Ice Magic
  2750 | D:3      | Reached skill level 1 in Air Magic
  2750 | D:3      | Reached skill level 1 in Earth Magic
  2750 | D:3      | Reached skill level 1 in Poison Magic
  3198 | D:2      | Learned a level 3 spell: Mephitic Cloud
  3240 | D:3      | Noticed Terence
  3277 | D:3      | Killed Terence
  3278 | D:3      | Reached XP level 5. HP: 9/40 MP: 12/12
  3294 | D:2      | HP: 1/40 [poisoned by an adder]
  3296 | D:2      | Succumbed to an adder's poison

Illustrated notes

Levels and vault maps discovered:
D:1:      tarquinn_simple_flora_water_d, layout_basic
D:2:      layout_loops_ring, ebering_ecumenical_altar_mist, basic_altar,
          serial_shops, shop_fountains, uniq_robin
D:3:      layout_rooms, uniq_terence, uniq_natasha

Skill      XL: |  1  2  3  4 |
---------------+-------------+-----
Spellcasting   | 5 |  5.2
Invocations    | 1 |  1.6
Short Blades   | 1 |  1.4
Long Blades    | 1 |  1.4
Axes           | 1 |  1.4
Maces & Flails | 1 |  1.4
Polearms       | 1 |  1.4
Staves         | 1 |  1.4
Slings         | 1 |  1.4
Bows           | 1 |  1.4
Crossbows      | 1 |  1.4
Throwing       | 1 |  1.4
Armour         | 1 |  1.4
Stealth        | 1 |  1.4
Shields        | 1 |  1.4
Unarmed Combat | 1 |  1.4
Hexes          | 1 |  1.1
Summonings     | 1 |  1.1
Necromancy     | 1 |  1.1
Translocations | 1 |  1.1
Transmutations | 1 |  1.1
Fire Magic     | 1 |  1.1
Ice Magic      | 1 |  1.1
Air Magic      | 1 |  1.1
Earth Magic    | 1 |  1.1
Poison Magic   | 1 |  1.1
Fighting       | |  2.9
Dodging        | |  6.7
Conjurations   | |  5.5
Evocations     | |  2.9

Action                   |  1- 3 |  4- 6 || total
-------------------------+-------+-------++-------
Melee: Dagger            |    47 |   105 ||   152
       Bite              |     3 |    18 ||    21
       Punch             |       |     1 ||     1
 Fire: Hunting sling     |    10 |    18 ||    28
 Cast: Magic Dart        |    80 |    42 ||   122
       Mephitic Cloud    |       |     1 ||     1
  Use: Potion            |       |     3 ||     3
Armor: Leather armour    |    15 |       ||    15
       Animal skin       |     4 |    54 ||    58
Dodge: Dodged            |    40 |   141 ||   181

Table legend: (Time is in decaauts)
 A = Elapsed time spent in this place.
 B = Non-inter-level travel time spent in this place.
 C = Inter-level travel time spent in this place.
 D = Time resting spent in this place.
 E = Time spent auto-exploring this place.
 F = Levels seen in this place.
 G = Mean time per level.
                   A        B        C        D        E       F      G
               +--------+--------+--------+--------+--------+-----+--------+
         Total |   3300 |   3154 |    146 |    727 |   1808 |   3 | 1100.0 |
       Dungeon |   3300 |   3154 |    146 |    727 |   1808 |   3 | 1100.0 |
               +--------+--------+--------+--------+--------+-----+--------+

Top non-repeatable levels by time:
     D:2: 1858 daAuts
     D:1: 997 daAuts
     D:3: 443 daAuts
